 Dungeon Crawl Stone Soup version 0.27-a0-287-gd4424db430 (webtiles) character file.

Game seed: 17143212677981857540

2321 dolemite99 the Fighter (level 9, -1/93 HPs)
             Began as a Hill Orc Fighter on Feb 9, 2021.
             Was a Priest of Makhleb.
             Splashed by an acid dragon's acid (8 damage)
             ... on level 7 of the Dungeon.
             The game lasted 00:08:29 (6764 turns).

dolemite99 the Fighter (Hill Orc Fighter)           Turns: 6764, Time: 00:08:30

Health: -1/93      AC:  0    Str: 22    XL:     9   Next: 41%
Magic:  12/12      EV:  5    Int:  8    God:    Makhleb [***...]
Gold:   409        SH:  9    Dex: 10    Spells: 8/8 levels left

rFire    . . .     SeeInvis .   a - +4 war axe
rCold    . . .     Faith    +   c - +0 kite shield
rNeg     . . .     Spirit   .   q - +0 chain mail
rPois    .         Reflect  .   (no helmet)
rElec    .         Harm     .   k - +0 cloak
rCorr    .         Rampage  .   (no gloves)
Will     .....                  (no boots)
Stlth    ..........             h - amulet of faith
HPRegen  0.25/turn              (no ring)
MPRegen  0.13/turn              (no ring)

@: lethally poisoned (-1 -> -8), about to teleport, corroded, hasted, studying
Fighting, very quick
A: no striking features
a: Renounce Religion, Minor Destruction, Lesser Servant of Makhleb


You were on level 7 of the Dungeon.
You worshipped Makhleb.
Makhleb was most pleased with you.
You visited 1 branch of the dungeon, and saw 7 of its levels.

You collected 409 gold pieces.

Inventory:

Hand Weapons
 a - a +4 war axe (weapon)
 b - the +12 hand crossbow of Inquiry {elec, rPois rF+}
   (You found it on level 7 of the Dungeon)

   It charges the ammunition it shoots with electricity; occasionally upon a
   hit, such missiles may discharge and cause terrible harm.
   It protects you from fire.
   It protects you from poison.
 y - a +2 spear of freezing
 D - a +0 hand axe of venom
 J - a +5 spectral quarterstaff
Missiles
 d - 7 atropa-tipped darts
 i - 75 sling bullets
 m - 57 arrows
 o - 12 poisoned darts (quivered)
 p - 112 stones
 G - 4 silver boomerangs
Armour
 c - a +0 kite shield (worn)
 k - a +0 cloak (worn)
 q - a +0 chain mail (worn)
 v - a cursed +0 scale mail
 I - a +0 scale mail
Jewellery
 h - an amulet of faith (around neck)
 F - a cursed amulet of inaccuracy {unknown}
 H - an uncursed ring of magical power {unknown}
Wands
 B - a wand of flame (28)
Scrolls
 e - 4 scrolls of teleportation
 f - a scroll of remove curse {@r2}
 g - 2 scrolls of noise {unknown}
 s - a scroll of random uselessness {unknown}
 u - a scroll of immolation {unknown}
 A - 2 scrolls of magic mapping {unknown}
Potions
 j - a potion of experience {unknown}
 n - 2 potions of ambrosia
 r - 3 potions of haste
 t - 3 potions of flight
 w - 4 potions of lignification
 x - a potion of resistance {unknown}
 z - 2 potions of curing {unknown}
 C - a potion of brilliance {unknown}
 E - a potion of magic {unknown}


   Skills:
 - Level 13.0 Fighting
 - Level 10.1 Axes
 - Level 6.0 Armour
 - Level 3.2 Shields
 + Level 4.7 Invocations


You had 8 spell levels left.
You didn't know any spells.
Your spell library was empty.

Dungeon Overview and Level Annotations

Branches:
Dungeon (7/15)             Temple (0/1) D:7

Altars:
Makhleb


Message History

The acid dragon spits acid at you. The splash of acid hits you!
The acid corrodes you!
You are splashed with acid!
The worker ant bites you.
* * * LOW HITPOINT WARNING * * *
You are more poisoned.
The worker ant poisons you!
You feel yourself speed up.
You feel sick. The acid dragon bites you.
* * * LOW HITPOINT WARNING * * *
You block the acid dragon's attack.
An ogre comes into view. It is wielding a -1 giant club.
The worker ant bites you.
* * * LOW HITPOINT WARNING * * *
You block the acid dragon's attack. The acid dragon claws you.
* * * LOW HITPOINT WARNING * * *
You feel sick. The acid dragon spits acid at you. The splash of acid hits you!
* * * LOW HITPOINT WARNING * * *
The acid corrodes you!
You are splashed with acid!
You die...

### .. #. ###
##.##.:# .
#.zO#o.# # ..
## #BD## .#
..##. ##..##..#
...# ##@...#
#..###..##.#
#..#..### #
#...#..#
##.##..#
#######.#####.#
..............#
........##+####
######..#


You could see an acid dragon (catching breath), an ogre, a worker ant and a
wight.

Vanquished Creatures
  A troll (D:7)
  Grinder (D:5)
  2 ice beasts
  A hornet zombie (D:5)
  4 ogres
  A phantom (D:4)
  Blork the orc (D:4)
  4 bullfrogs
  3 howler monkeys
  A bullfrog zombie (D:5)
  A quasit (D:5)
  2 hounds
  3 orc priests (D:6)
  A bullfrog skeleton (D:4)
  4 iguanas
  2 orc wizards (D:6)
  5 worker ants
  3 hound skeletons
  8 adders
  2 shadow imps (D:6)
  2 white imps (D:6)
  An ufetubus (D:5)
  3 oozes
  4 worms
  A dart slug (D:4)
  5 leopard geckos
  13 orcs
  5 giant cockroaches
  8 goblins
  4 hobgoblins
  6 jackals
  11 kobolds
  5 quokkas
  3 ball pythons
  5 bats
  9 frilled lizards
  2 jackal skeletons
  15 rats
152 creatures vanquished.

Notes
Turn   | Place    | Note
-------+----------+-------------------------------------------
     0 | D:1      | dolemite99 the Hill Orc Fighter began the quest for the
                  | Orb.
     0 | D:1      | Reached XP level 1. HP: 19/19 MP: 1/1
   536 | D:1      | Reached XP level 2. HP: 25/26 MP: 2/2
  1255 | D:2      | Reached XP level 3. HP: 26/31 MP: 3/3
  1403 | D:2      | Reached skill level 5 in Axes
  1917 | D:2      | Reached XP level 4. HP: 36/39 MP: 4/4
  2736 | D:3      | Found a burning altar of Makhleb.
  2736 | D:3      | Noticed an Executioner
  2741 | D:3      | Noticed a hellwing
  2741 | D:3      | Noticed an orange demon
  2743 | D:3      | Became a worshipper of Makhleb the Destroyer
  3304 | D:3      | Reached XP level 5. HP: 45/45 MP: 5/5
  3618 | D:4      | Reached * piety under Makhleb
  3723 | D:4      | Reached XP level 6. HP: 50/51 MP: 6/6
  3806 | D:4      | Noticed Blork the orc
  3816 | D:4      | Killed Blork the orc
  3817 | D:4      | Reached XP level 7. HP: 46/57 MP: 7/7
  4114 | D:4      | Reached skill level 5 in Fighting
  4315 | D:5      | Entered Level 5 of the Dungeon
  4323 | D:5      | Reached skill level 6 in Fighting
  4470 | D:5      | Noticed Grinder
  4476 | D:5      | Paralysed by Grinder for 4 turns
  4481 | D:5      | Killed Grinder
  4481 | D:5      | Reached ** piety under Makhleb
  4482 | D:5      | Reached skill level 8 in Fighting
  4482 | D:5      | Reached XP level 8. HP: 77/77 MP: 8/8
  4483 | D:5      | Reached skill level 9 in Fighting
  5181 | D:5      | Reached skill level 5 in Armour
  5781 | D:6      | Reached skill level 10 in Fighting
  5862 | D:6      | Reached skill level 11 in Fighting
  5898 | D:6      | Reached skill level 12 in Fighting
  5908 | D:6      | Reached XP level 9. HP: 90/90 MP: 9/9
  6009 | D:6      | Reached *** piety under Makhleb
  6169 | D:6      | Reached skill level 13 in Fighting
  6252 | D:6      | Reached skill level 10 in Axes
  6485 | D:7      | Found a staircase to the Ecumenical Temple.
  6490 | D:7      | Reached skill level 1 in Invocations
  6636 | D:7      | Noticed a troll
  6651 | D:7      | Killed a troll
  6745 | D:7      | Got a brightly glowing hand crossbow
  6747 | D:7      | Identified the +12 hand crossbow of Inquiry {elec, rPois
                  | rF+} (You found it on level 7 of the Dungeon)
  6764 | D:7      | Splashed by an acid dragon's acid

Illustrated notes

Levels and vault maps discovered:
D:1:      sevenhm_arrival_forest_fort_small_6, layout_loops_ring,
          chequers_serial_rivers_micro_a, kennysheep_small_spiral,
          kennysheep_decorative_pillar
D:2:      layout_rooms
D:3:      kennysheep_big_flooded_room, layout_basic, makhleb_altar_promises_db,
          minmay_statues_item
D:4:      layout_cave_pools, minmay_manual_mail, uniq_blork_the_orc
D:5:      layout_basic, uniq_grinder
D:6:      layout_gridville
D:7:      layout_basic, minmay_temple_entry_tees, minmay_the_grid_2x2
          [minmay_the_grid_dragon_b, minmay_the_grid_expand,
          minmay_the_grid_outer_diamond,
          minmay_the_grid_prize_four_corners_diamond_a]

Skill      XL: |  1  2  3  4  5  6  7  8  9 |
---------------+----------------------------+-----
Axes           | 3 4 5 6 8 9 10 | 10.1
Fighting       | 8 12 13 | 13.0
Armour         | 6 |  6.0
Invocations    | 4 |  4.7
Shields        | |  3.2

Action                   |  1- 3 |  4- 6 |  7- 9 || total
-------------------------+-------+-------+-------++-------
Melee: War axe           |   106 |   139 |   171 ||   416
Throw: Dart              |    10 |    15 |    39 ||    64
  Use: Scroll            |       |     4 |     9 ||    13
       Potion            |       |     1 |     6 ||     7
Armor: Scale mail        |    68 |    48 |       ||   116
       Chain mail        |       |    45 |   101 ||   146
       Skin              |       |       |     4 ||     4
Dodge: Dodged            |    35 |    36 |    40 ||   111
Block: Kite shield       |    61 |    78 |   100 ||   239

Table legend: (Time is in decaauts)
 A = Elapsed time spent in this place.
 B = Non-inter-level travel time spent in this place.
 C = Inter-level travel time spent in this place.
 D = Time resting spent in this place.
 E = Time spent auto-exploring this place.
 F = Levels seen in this place.
 G = Mean time per level.
                   A        B        C        D        E       F      G
               +--------+--------+--------+--------+--------+-----+--------+
         Total |   6928 |   6679 |    249 |   2316 |   2837 |   7 |  989.7 |
       Dungeon |   6928 |   6679 |    249 |   2316 |   2837 |   7 |  989.7 |
               +--------+--------+--------+--------+--------+-----+--------+

Top non-repeatable levels by time:
     D:3: 1241 daAuts
     D:2: 1231 daAuts
     D:1: 1219 daAuts
     D:6: 1122 daAuts
     D:5: 1083 daAuts
     D:4: 746 daAuts
     D:7: 283 daAuts
